 Dungeon Crawl Stone Soup version 0.28.0-43-g3370ac3207 (webtiles) character file.

Game seed: 4214930647784120324

142 nickcage the Poker (level 5, -4/41 HPs)
             Began as a Demonspawn Abyssal Knight on Mar 24, 2022.
             Was a Believer of Lugonu.
             Slain by an orc
             ... wielding a +1 hand axe of flaming
              (5 damage)
             ... on level 3 of the Dungeon.
             The game lasted 00:07:40 (2560 turns).

nickcage the Poker (Demonspawn Abyssal Knight)      Turns: 2560, Time: 00:07:41

Health: -4/41      AC:  5    Str: 16    XL:     5   Next: 3%
Magic:  6/6        EV: 11    Int: 11    God:    Lugonu [**....]
Gold:   104        SH:  0    Dex: 13    Spells: 4/4 levels left

rFire   . . .      SeeInvis .   a - +2 spear
rCold   . . .      Faith    .   (no shield)
rNeg    . . .      Spirit   .   b - +0 leather armour
rPois   .          Reflect  .   (no helmet)
rElec   .          Harm     .   (no cloak)
rCorr   .          Rampage  .   (no gloves)
Will    .....                   (no boots)
Stlth   +.........              (no amulet)
HPRegen 0.13/turn               e - ring of flight
MPRegen 0.10/turn               (no ring)

@: flying
A: sharp scales 2
a: Renounce Religion, Depart the Abyss, Bend Space


You were on level 3 of the Dungeon.
You worshipped Lugonu.
Lugonu was pleased with you.
You visited 1 branch of the dungeon, and saw 3 of its levels.
You visited the Abyss 1 time.

You collected 104 gold pieces.

Inventory:

Hand Weapons
 a - a +2 spear (weapon)
Armour
 b - a +0 leather armour (worn)
Jewellery
 e - a ring of flight (left hand)
Scrolls
 h - a scroll of amnesia
 i - a scroll of noise {unknown}
 k - a scroll of brand weapon {unknown}
Potions
 d - a potion of flight {unknown}
 j - a potion of curing
 l - 2 potions of brilliance


   Skills:
 - Level 3.0 Fighting
 + Level 4.8 Polearms
 - Level 1.7 Armour
 - Level 0.8 Dodging
 - Level 2.4 Invocations


You had 4 spell levels left.
You didn't know any spells.
Your spell library was empty.

Dungeon Overview and Level Annotations

Branches:
Dungeon (3/15)

Altars:

Annotations:
D:3 Pargi


Innate Abilities, Weirdness & Mutations

You are mostly covered in razor-sharp scales. (AC +2, Slay +2)


Message History

Found a short sword.
Found a stone staircase leading down.
An orc comes into view.
It is wielding a +1 hand axe of flaming.
The orc shouts!
The orc moves out of view.
An orc comes into view. It is wielding a +0 dagger.
The gnoll hits you with a +0 spear.
* * * LOW HITPOINT WARNING * * *
You barely miss the gnoll.
The gnoll is moderately wounded.
The gnoll closely misses you.
You hit the gnoll. Your punch misses the gnoll.
The gnoll is heavily wounded.
The gnoll closely misses you.
The gnoll hits you from afar with a +0 spear.
* * * LOW HITPOINT WARNING * * *
You completely miss the gnoll.
The gnoll is heavily wounded.
The orc closely misses you. The gnoll completely misses you.
The gnoll hits you from afar with a +0 spear.
* * * LOW HITPOINT WARNING * * *
You hit the gnoll.
The gnoll is severely wounded.
The orc hits you with a +1 hand axe of flaming.
* * * LOW HITPOINT WARNING * * *
The orc burns you.
* * * LOW HITPOINT WARNING * * *
An orc comes into view. It is wielding a +0 club.
The gnoll hits you but does no damage. x2
Unknown command.
Unknown command.
Unknown command.
The orc shouts!
You hit the gnoll.
The gnoll is almost dead.
The orc hits you but does no damage. The gnoll barely misses you. x2
You hit the gnoll.
You kill the gnoll!
Lugonu accepts your kill.
The orc hits you with a +1 hand axe of flaming.
You die...

................
...........$....
#.#............# #
...#.#..#####g# ## .# .#.
..#.......# .)##.###.
...#.##)###.###.........
#.#.#.##.####.#.# .......
#.............g###.......
###.#.#####....)@oo#
#o#.# #...###### #.#.#
##### #.#.########
###...)......#
......######.# #######
#.# #<# #.#######.


You could see a gnoll and 2 orcs.

Vanquished Creatures
  An orc priest (D:3)
  An iguana (D:3)
  3 gnolls (D:3)
  An adder (D:2)
  2 worms (D:2)
  3 dart slugs (D:2)
  3 orcs (D:3)
  4 ball pythons
  6 endoplasms
  2 giant cockroaches
  7 goblins
  2 hobgoblins
  3 kobolds (D:2)
  3 bats
  2 frilled lizards
  A rat (D:1)
44 creatures vanquished.

Notes
Turn   | Place    | Note
-------+----------+-------------------------------------------
     0 | Abyss:1  | nickcage the Demonspawn Abyssal Knight began the quest for
                  | the Orb.
     0 | Abyss:1  | Reached XP level 1. HP: 18/18 MP: 2/2
     0 | D:1      | Escaped the Abyss
   251 | D:1      | Reached skill level 2 in Polearms
   352 | D:1      | Reached * piety under Lugonu
   386 | D:1      | Gained mutation: You are partially covered in razor-sharp
                  | scales. (AC +1, Slay +1) [demonic ancestry]
   386 | D:1      | Reached XP level 2. HP: 14/24 MP: 3/3
   594 | D:1      | Found a faded altar of an unknown god.
   986 | D:2      | Reached skill level 3 in Polearms
   996 | D:2      | Reached XP level 3. HP: 22/29 MP: 4/4
  1938 | D:3      | Reached skill level 4 in Polearms
  1938 | D:3      | Reached XP level 4. HP: 12/35 MP: 5/5
  2147 | D:3      | Noticed Pargi
  2479 | D:3      | Reached ** piety under Lugonu
  2546 | D:3      | Gained mutation: You are mostly covered in razor-sharp
                  | scales. (AC +2, Slay +2) [demonic ancestry]
  2546 | D:3      | Reached XP level 5. HP: 22/41 MP: 6/6
  2558 | D:3      | HP: 2/41 [orc/+1 hand axe of flaming (1)]
  2560 | D:3      | Slain by an orc

Illustrated notes

Levels and vault maps discovered:
D:1:      minmay_arrival_glassed_features, layout_loops_corners,
          chequers_ecumenical_altar_simple, minmay_misc_feat_x
D:2:      layout_rooms, hangedman_decor_opposing, minmay_door_square
D:3:      layout_loops_ring, chequers_temple_overflow_statue_of_worship,
          uniq_pargi

Skill      XL: |  1  2  3 |
---------------+----------+-----
Polearms       | 2 3 4 |  4.8
Fighting       | |  3.0
Armour         | |  1.7
Dodging        | |  0.8
Invocations    | |  2.4

Action                   |  1- 3 |  4- 6 || total
-------------------------+-------+-------++-------
Melee: Spear             |   124 |    49 ||   173
       Punch             |     1 |     3 ||     4
Invok: Depart the Abyss  |     1 |       ||     1
  Use: Scroll            |     5 |       ||     5
 Stab: Sleeping          |     4 |     1 ||     5
Armor: Leather armour    |    19 |    14 ||    33
Dodge: Dodged            |    53 |    30 ||    83
